 Dungeon Crawl Stone Soup version 0.14-a0-2432-g6b3afca (webtiles) character file.

228 RedPan the Cudgeler (level 4, -2/28 HPs)
             Began as a Gargoyle Fighter on Feb 4, 2014.
             Killed from afar by Sigmund (8 damage)
             ... with a puff of flame
             ... on Level 3 of the Dungeon.
             The game lasted 00:05:54 (1529 turns).

RedPan the Cudgeler (Gargoyle Fighter)              Turns: 1529, Time: 00:05:54

HP  -2/28        AC 10     Str 25      XL: 4   Next: 32%
MP   4/4         EV  7     Int  8      God:
Gold 152         SH  0     Dex  9      Spells:  0 memorised,  3 levels left

rFire  . . .     SeeInvis .     a - +1,+0 mace
rCold  . . .     Clarity  .     b - +0 scale mail
rNeg   + + .     Conserve .     c - +0 shield
rPois  +         rCorr    .     (no helmet)
rElec  +         rRot     +     (no cloak)
SustAb . .       Spirit   .     (no gloves)
rMut   .         Warding  .     (no boots)
Saprov . . .     Stasis   .     (no amulet)
MR     .....                    m - +4 ring of strength
                                r - ring of positive energy

@: confused, not resistant to hostile enchantments, extremely unstealthy
A: life protection 1, electricity resistance, unbreathing, petrification
resistance, AC +3
a: no special abilities


You were on level 3 of the Dungeon.
You were not hungry.

You visited 1 branch of the dungeon, and saw 3 of its levels.

You collected 152 gold pieces.

Inventory:

Hand weapons
 a - a +1,+0 mace (weapon)
Armour
 b - a +0 scale mail (worn)
 c - a +0 shield (worn)
Comestibles
 d - 2 bread rations
 h - a rotting chunk of giant newt flesh
 q - a chunk of kobold flesh
Scrolls
 e - a scroll of identify
 f - a scroll of fog {unknown}
 g - a scroll of enchant weapon I
 j - a scroll of curse weapon {unknown}
 n - 2 scrolls of teleportation {unknown}
Jewellery
 m - a +4 ring of strength (right hand)
 o - an uncursed ring of positive energy
 r - a ring of positive energy (left hand)
Potions
 i - 2 potions of curing {unknown}
 k - a potion of heal wounds {unknown}
 l - 2 potions of magic {unknown}


   Skills:
 - Level 3.2 Fighting
 + Level 4.9 Maces & Flails
 - Level 3.2 Armour
 - Level 3.2 Shields


You had 3 spell levels left.
You didn't know any spells.

Dungeon Overview and Level Annotations

Branches:
Dungeon (3/16)

Altars:
Elyvilon

Annotations:
D:3 Sigmund


Innate Abilities, Weirdness & Mutations

You are resistant to torment.
You are immune to poison.
Your stone body is very resilient (AC +3).
You resist negative energy.
You are resistant to electric shocks.
You can survive without breathing.
You are immune to petrification.


Message History

You barely miss Sigmund.
Sigmund zaps a wand.
You are confused.
You are too confused!
Sigmund zaps a wand.
You resist.
Ouch! Sigmund closely misses you.
Ouch! Sigmund zaps a wand.
You are more confused.
Sigmund barely misses you.
Ouch! Sigmund casts a spell.
Sigmund flickers and vanishes!
Deactivating autopickup; reactivate with Ctrl-A.
Ouch! You hear some strange, mumbled words.
The puff of flame hits you!
* * * LOW HITPOINT WARNING * * *
Ouch! You hear some strange, mumbled words.
The puff of flame hits you!
You die...

#### ...# ...# ...# ..
...# #.########.... ...#
#.............. ####
#########.####+## #....#
#@#
########....####.#######
.......'.................
########....####..###.##
#....# #..# #....# #..#
#....# #..# #....# #..#
###### #....# #..#


There were no monsters in sight!

Vanquished Creatures
  A worm (D:2)
  5 orcs
  5 bats
  5 giant cockroaches
  6 hobgoblins
  4 jackals (D:3)
  8 kobolds
  A quokka (D:3)
  2 ball pythons (D:2)
  A giant cockroach zombie (D:3)
  3 giant geckos
  5 giant newts
  8 goblins
  10 rats
64 creatures vanquished.

Notes
Turn   | Place    | Note
--------------------------------------------------------------
     0 | D:1      | RedPan, the Gargoyle Fighter, began the quest for the Orb.
     0 | D:1      | Reached XP level 1. HP: 14/14 MP: 1/1
    61 | D:1      | Reached XP level 2. HP: 14/19 MP: 2/2
   525 | D:2      | Reached XP level 3. HP: 21/23 MP: 3/3
   592 | D:2      | Found a white marble altar of Elyvilon.
   761 | D:2      | Reached skill level 4 in Maces & Flails
  1283 | D:3      | Reached XP level 4. HP: 25/28 MP: 4/4
  1518 | D:3      | Noticed Sigmund
  1529 | D:3      | Killed from afar by Sigmund

Action                   |  1- 3 |  4- 6 || total
-------------------------+-------+-------++-------
Melee: Mace              |   139 |    56 ||   195
  Use: Scroll            |     2 |       ||     2
